 Dungeon Crawl Stone Soup version 0.27.0-1-g7a089689b8 (webtiles) character file.

Game seed: 8055551031233137217

184172 sanka the Eclecticist (level 19, -10/183 HPs)
             Began as a Djinni Air Elementalist on July 31, 2021.
             Was the Champion of Makhleb.
             Mangled by a moth of wrath (11 damage)
             ... on level 4 of the Spider Nest.
             The game lasted 01:31:14 (41775 turns).

sanka the Eclecticist (Djinni Air Elementalist)    Turns: 41775, Time: 01:31:14

Health: -10/183    AC: 18    Str:  3 (6)  XL:     19   Next: 9%
Gold:   1007       EV: 24    Int: 25 (26) God:    Makhleb [******] SH:  0 Dex: 22

rFire    + . .     SeeInvis .     - Unarmed
rCold    . . .     Faith    +   (no shield)
rNeg     + + +     Spirit   .   (armour currently unavailable)
rPois    ∞         Reflect  .   p - +0 helmet
rElec    +         Harm     .   Y - scarf {shadows}
rCorr    .         Rampage  .   (gloves currently unavailable)
Will     +++..                  (boots unavailable)
Stlth    ++........             k - amulet "Homoz" {Faith Will++ MP-9}
HPRegen  0.40/turn              R - ring of ice
MPRegen  0.00/turn              j - ring "Hantull" {rN+++ Str-2 Int+6 Dex+4}

@: about to teleport, statue-form, corroded, flying, very slow
A: slow and powerful, torment resistance 1, flying, boosted hp, sickness
immunity, fire resistance 2, cold vulnerability 1, float, innate caster, hp
casting, extra vitality 1
a: End Transformation, Renounce Religion, Minor Destruction, Lesser Servant of
Makhleb, Major Destruction, Greater Servant of Makhleb


You were on level 4 of the Spider Nest.
You worshipped Makhleb.
Makhleb was exalted by your worship.
You were a living statue of rough stone.
You visited 5 branches of the dungeon, and saw 28 of its levels.
You also visited: Ossuary and Bailey.

You collected 3814 gold pieces.
You spent 2807 gold pieces at shops.


Innate Abilities, Weirdness & Mutations

You are a living statue of rough stone.
Your actions are slow, but your melee attacks are powerful.
You are resistant to unholy torment.
You are flying.
Your maximum health is greatly increased.
Your equipment is partially melded.
You are immune to sickness and miasma.
You are immune to poison.
Your flesh is very heat resistant. (rF++)
You are vulnerable to cold. (rC-)
You float through the air rather than walking.
You learn spells naturally, not from books.
Your magical power is your life essence.
You have superior vitality. (+4 HP)


   Skills:
 + Level 14.4 Fighting
 + Level 14.9 Dodging
 - Level 1.5 Stealth
 + Level 12.8 Unarmed Combat
 + Level 16.0 Spellcasting


You couldn't memorise any spells.
You knew the following spells:

 Your Spells              Type           Power      Damage    Failure   Level
c - Searing Ray           Conj           100%       3d7       0%          2
i - Statue Form           Tmut/Erth      52%        N/A       1%          6
o - Ozocubu's Refrigerat  Ice            50%        4d15      3%          7
p - Orb of Destruction    Conj           39%        9d13      3%          7
s - Swiftness             Air            79%        N/A       0%          3
u - Animate Armour        Summ/Erth      100%       N/A       1%          4
v - Blade Hands           Tmut           39%        N/A       1%          5
x - Shock                 Conj/Air       100%       1d9       0%          1
y - Corona                Hex            87%        N/A       0%          1
z - Airstrike             Air            39%        N/A       1%          4
C - Mephitic Cloud        Conj/Pois/Air  79%        N/A       0%          3
X - Summon Forest         Summ/Tloc      39%        N/A       1%          5
Z - Static Discharge      Conj/Air       79%        N/A       0%          2
Your spell library was empty.

Inventory:

Hand Weapons
 r - a +1 dagger of distortion
 O - the +3 war axe of Upheaval {holy, *Noise rC++ Int+8, !a}

   It has been blessed by the Shining One to cause great damage to the undead
   and demons.
   Int:       It affects your intelligence (+8).
   rC:        It greatly protects you from cold.
   *Noise:    It may make noises in combat.
Missiles
 g - 2 throwing nets {=f}
Armour
 m - the +5 robe of Night (melded) {Dark Will+ SInv}

   It shrouds the wearer in darkness, reducing the range at which they can see
   and be seen by others.
   SInv:      It lets you see invisible.
   Will:      It increases your willpower.
 p - a +0 helmet (worn)
 A - a +1 robe of cold resistance
 M - a +0 pair of gloves of strength (melded)
 Y - a scarf of shadows (worn)
Magical Staves
 b - a staff of cold {!a}
Jewellery
 h - the ring of the Original Sin {rF+ rN+ rCorr AC+4}

   [ring of protection]

   AC:        It affects your AC (+4).
   rF:        It protects you from fire.
   rN:        It protects you from negative energy.
   rCorr:     It protects you from acid and corrosion.
 j - the ring "Hantull" (right fist) {rN+++ Str-2 Int+6 Dex+4}

   [ring of intelligence]

   Str:       It affects your strength (-2).
   Int:       It affects your intelligence (+6).
   Dex:       It affects your dexterity (+4).
   rN:        It renders you almost immune to negative energy.
 k - the amulet "Homoz" (around neck) {Faith Will++ MP-9}

   [amulet of faith]

   It allows you to gain divine favour quickly.
   MP:        It affects your magic capacity (-9).
   Will:      It greatly increases your willpower.
 B - a ring of ice
 D - an amulet of regeneration
 L - a +4 ring of evasion
 N - a ring of resist corrosion
 R - a ring of ice (left fist)
Wands
 a - a wand of acid (28)
 y - a wand of polymorph (12)
 H - a wand of paralysis (25)
 J - a wand of iceblast (17)
 V - a wand of mindburst (27)
Scrolls
 e - 10 scrolls of blinking
 o - a scroll of enchant weapon
 q - 2 scrolls of enchant armour {unknown}
 t - a scroll of silence {!r}
 v - 2 scrolls of magic mapping
 x - 2 scrolls of summoning
 G - 7 scrolls of fog
 I - 2 scrolls of fear
Potions
 c - 2 potions of lignification {!q}
 f - 6 potions of haste {@q3}
 i - 4 potions of brilliance
 l - 3 potions of attraction {!q}
 n - a potion of magic {unknown}
 s - 2 potions of invisibility {unknown}
 u - a potion of flight {unknown}
 w - 10 potions of curing {@q1}
 C - a potion of cancellation
 F - 2 potions of ambrosia
 K - 4 potions of mutation {!q}
 S - 3 potions of resistance
 T - a potion of berserk rage {unknown}
Miscellaneous
 W - a tin of tremorstones (2/2)

Dungeon Overview and Level Annotations

Branches:
Dungeon (15/15)            Temple (1/1) D:6            Lair (6/6) D:11
 Shoals (0/4) Lair:2       Spider (4/4) Lair:3        Slime (0/5) Lair:6
    Orc (2/2) D:9             Elf (0/3) Orc:2        Vaults (0/5) D:14
 Depths (0/5) D:15        Ossuary (visited)          Bailey (visited)

Altars:
Ashenzari
Cheibriados
Dithmenos
Elyvilon
Fedhas
Gozag
Hepliaklqana
Kikubaaqudgha
Makhleb
Nemelex Xobeh
Okawaru
Qazlal
Ru
Sif Muna
Trog
Uskayaw
Vehumet
Wu Jian
Xom
Yredelemnul
Zin
The Shining One
Beogh

Shops:
D:1 *=(   D:4 !   D:5 [   D:6 ([?*   D:14 !   Orc:2 ([([

Portals:
Trove: D:10 (give +3 storm dragon scales)

Annotations:
Lair:2 2 transporters, Wuvuatt's ghost, journeyman MiBe

▒▒▒▒▒▒▒▒▒▒▒▒▒▒▒▒▒▒▒▒▒▒▒▒▒▒▒
▒..▒................▒..▒..▒▒▒▒
▒▒.^......................▒▒..▒..
.▒▒..........................▒▒..
..▒.........s.).▒▒▒▒▒▒...s..▒▒^..
..▒...▒.▒▒^.▒..▒.....▒▒▒.s.▒▒....
....▒▒▒▒▒▒▒▒▒..☼.y....▒^.▒▒▒.^...
......▒▒ ▒...8s........sy.....
.......▒▒ ▒▒▒▒..B^......^s......
........▒ ▒▒..▒..▒▒.....|....▒▒▒.
...▒▒^..▒▒▒...▒▒[. .....▒.....▒
...▒......▒....▒^▒ .....▒▒.....
..^..▒▒..▒▒▒...▒▒▒ ..^..!
..▒...▒....▒...▒▒ ...▒▒▒
........^..▒▒...▒
....▒▒▒[.......▒▒


You could see an entropy weaver, a moth of wrath, a jumping spider and a redback
(berserk).


Message History

* * * LOW HITPOINT WARNING * * *
The redback closely misses you. The moth of wrath misses you.
The jumping spider pounces on you.
* * * LOW HITPOINT WARNING * * *
You are caught in a web!
The jumping spider barely misses you. The redback misses you.
The entropy weaver hits you but does no damage.
The entropy weaver hits you but does no damage.
The entropy weaver closely misses you. The entropy weaver hits you.
* * * LOW HITPOINT WARNING * * *
There is a web here.
The web tears apart.
The redback bites you.
* * * LOW HITPOINT WARNING * * *
The redback bites you but does no damage.
The jumping spider leaps!
The moth of wrath bites you!
* * * LOW HITPOINT WARNING * * *
The entropy weaver completely misses you.
The entropy weaver hits you!
* * * LOW HITPOINT WARNING * * *
The entropy weaver completely misses you.
The entropy weaver closely misses you. The redback bites you!
* * * LOW HITPOINT WARNING * * *
The moth of wrath bites you!
You die...

Action                   |  1- 3 |  4- 6 |  7- 9 | 10-12 | 13-15 | 16-18 | 19-21 || total
-------------------------+-------+-------+-------+-------+-------+-------+-------++-------
Melee: Spear             |     2 |       |       |       |       |       |       ||     2
       Hand axe          |       |     5 |       |       |       |       |       ||     5
       Battleaxe         |       |       |    16 |       |       |       |       ||    16
       Unarmed           |       |       |       |       |   389 |   529 |    40 ||   958
       Punch             |       |       |       |       |    11 |    31 |     2 ||    44
       War axe           |       |       |       |       |     1 |       |       ||     1
       Staff             |       |       |       |       |       |    32 |       ||    32
Throw: Dart              |       |       |       |    32 |       |       |       ||    32
 Cast: Shock             |    88 |    79 |    82 |       |       |       |       ||   249
       Searing Ray       |       |     9 |    14 |       |       |       |       ||    23
       Static Discharge  |       |     2 |     3 |       |       |       |       ||     5
       Mephitic Cloud    |       |       |     7 |     3 |     1 |       |       ||    11
       Airstrike         |       |       |    46 |   380 |   608 |   264 |    11 ||  1309
       Animate Armour    |       |       |     1 |       |       |       |       ||     1
       Summon Forest     |       |       |       |     3 |     9 |     3 |       ||    15
       Blade Hands       |       |       |       |       |     5 |       |       ||     5
       Statue Form       |       |       |       |       |    27 |    45 |     4 ||    76
       Ozocubu's Refrige |       |       |       |       |       |    34 |     1 ||    35
       Orb of Destructio |       |       |       |       |       |       |     3 ||     3
 Abil: End Transformatio |       |       |       |       |     1 |     1 |       ||     2
Evoke: Wand              |       |       |       |       |     1 |       |       ||     1
  Use: Scroll            |       |       |     5 |     7 |    10 |    12 |     2 ||    36
       Potion            |       |       |       |     2 |     1 |    16 |     1 ||    20
 Stab: Confused          |       |       |     1 |       |       |       |       ||     1
       Sleeping          |       |       |     4 |       |       |       |       ||     4
Armor: Robe              |     8 |     7 |    10 |     1 |       |    36 |     5 ||    67
       Steam dragon scal |       |       |       |    19 |    30 |       |       ||    49
       Skin              |       |       |       |       |   144 |   618 |    56 ||   818
Dodge: Dodged            |    16 |    10 |    42 |   117 |   806 |  1657 |   159 ||  2807
Block: Other             |       |     7 |     6 |       |       |       |       ||    13

Levels and vault maps discovered:
D:1:      amcnicky_arrival_gap_in_the_tavern_cellar, layout_basic, serial_shops,
          shop, nicolae_shop_stone, shop
D:2:      layout_loops_cross
D:3:      layout_loops_ring, mainiacjoe_overflow_concentric_impassable,
          minmay_gold_behind_fungi, roderic_lattice_a,
          minmay_fractal_squares_gapless_5, uniq_ijyb
D:4:      layout_cave_pods, nzn_wu_jian_council_hall, nicolae_wooded_promenade,
          corexii_leaking_fountain, grunt_ministairs_15
D:5:      layout_basic, serial_shops, nicolae_square_shop, uniq_duvessa,
          uniq_pikel, uniq_edmund
D:6:      layout_gridville, lemuel_crystal_altar, yredelemnul_altar_generic,
          minmay_temple_entry_hall, enter_ossuary_1, serial_shops, shop, shop,
          nicolae_shop_competitors_out_of_business, shop, ebering_ghost_sewer_d
D:7:      layout_gridville, nicolae_dithmenos_the_darkroom,
          fedhas_altar_decomposition, bloody_makhleb, lemuel_crystal_altar,
          minmay_fractal_squares_5
D:8:      layout_loops_cross, uniq_grum, uniq_maurice
D:9:      layout_irregular_city, nicolae_overflow_hidden_temple, erik_orc_1,
          uniq_maggie, uniq_psyche
D:10:     layout_gridville, beargit_hepliaklqana_dungeon_heroes,
          nicolae_trove_entry_free_sample
D:11:     minmay_ornate_pinched, layout_cave_pools, lair_entry_dummy,
          nicolae_vehumet_radiance
D:12:     layout_cave_pods, uniq_frances
D:13:     layout_gridville
D:14:     layout_cave_pods, hangedman_vaults_entry_quadrant_bands,
          enter_bailey_2, gammafunk_ghost_cemetery,
          chequers_serial_rivers_micro_c, serial_shops, shop
D:15:     grunt_enter_depths_hoard, layout_rooms, grunt_gozag_statues,
          gauntlet_entry_generic, elyvilon_altar_3
Temple:   nicolae_temple_figure_zero
Lair:1:   layout_layer_cave, grunt_forest_small_clearing_treed,
          grunt_megastairs_1
Lair:2:   layout_concentric_octagons, minmay_shoals_entry_centaurs,
          gammafunk_ghost_wrathful_warriors, cheibrodos_lair_reptile_den,
          uniq_prince_ribbit2
Lair:3:   layout_misc_corridors, spider_nest_entry_webs,
          chequers_serial_rivers_small_3, uniq_gastronok
Lair:4:   layout_gridlike, lemuel_old_faithful, serial_bayou_shore_b
Lair:5:   layout_layer_cave, serial_bayou_shore_a
Lair:6:   due_jungle_book, layout_regular_city, slime_dummy,
          kennysheep_abandoned_house, infiniplex_staircase_pool
Spider:1: layout_chambers, hangedman_spider_tarantella_strand
Spider:2: layout_spider_delve, nicolae_spider_stair_cavern, uniq_jorgrun,
          uniq_donald, uniq_kirke
Spider:3: layout_spider_delve, uniq_azrael
Spider:4: floodkiller_spider_rune_tomb
Orc:1:    cheibrodos_orc_bank, layout_caves, uniq_nergalle
Orc:2:    grunt_orc_community_town_hall, layout_caves,
          grunt_orc_community_big_house_1, grunt_orc_community_big_house_1,
          grunt_orc_community_house_1, grunt_orc_community_house_2,
          grunt_orc_community_house_1, grunt_orc_community_house_1, uniq_urug

Notes
Turn   | Place    | Note
-------+----------+-------------------------------------------
     0 | D:1      | sanka the Djinni Air Elementalist began the quest for the
                  | Orb.
     0 | D:1      | Reached XP level 1. HP: 15/15 MP: 0/0
   361 | D:1      | Reached XP level 2. HP: 16/21 MP: 0/0
   544 | D:1      | Found Umnaor's Weapon Boutique.
   649 | D:1      | Reached skill level 3 in Spellcasting
  1175 | D:1      | Reached XP level 3. HP: 23/25 MP: 0/0
  1175 | D:1      | Learned a level 1 spell: Corona
  1271 | D:1      | Found Xotin's Jewellery Boutique.
  1391 | D:1      | Found Lavoeg's Assorted Antiques.
  2406 | D:2      | Reached XP level 4. HP: 29/31 MP: 0/0
  2997 | D:3      | Reached skill level 4 in Spellcasting
  2997 | D:3      | Reached XP level 5. HP: 24/35 MP: 0/0
  2997 | D:3      | Learned a level 2 spell: Searing Ray
  3399 | D:3      | Found a glowing silver altar of Zin.
  3712 | D:3      | Noticed Ijyb
  3727 | D:3      | Killed Ijyb
  4442 | D:4      | Noticed a centaur
  4449 | D:3      | Killed a centaur
  4450 | D:3      | Reached skill level 5 in Spellcasting
  4450 | D:3      | Reached XP level 6. HP: 14/40 MP: 0/0
  4896 | D:4      | Reached XP level 7. HP: 24/45 MP: 0/0
  4896 | D:4      | Learned a level 3 spell: Mephitic Cloud
  5066 | D:4      | Found Ybatzakasi's Distillery.
  5076 | D:4      | Bought 2 potions of heal wounds for 110 gold pieces
  5731 | D:4      | Found an ornate altar of the Wu Jian Council.
  5916 | D:5      | Entered Level 5 of the Dungeon
  5920 | D:5      | Found Aminevonys's Armour Boutique.
  5921 | D:5      | Noticed Edmund
  5935 | D:5      | Killed Edmund
  5936 | D:5      | Reached skill level 6 in Spellcasting
  6227 | D:5      | Noticed Duvessa
  6228 | D:5      | Noticed Dowan
  6251 | D:5      | Killed Duvessa
  6252 | D:5      | Reached XP level 8. HP: 36/50 MP: 0/0
  6255 | D:5      | Killed Dowan
  6256 | D:5      | Reached skill level 7 in Spellcasting
  6415 | D:5      | Noticed Pikel
  6427 | D:5      | HP: 5/51 [Pikel (6)]
  6434 | D:5      | Killed Pikel
  6435 | D:5      | Reached skill level 2 in Fighting
  6435 | D:5      | Reached skill level 3 in Dodging
  6751 | D:5      | Reached skill level 3 in Fighting
  6751 | D:5      | Reached skill level 4 in Dodging
  6962 | D:5      | Reached XP level 9. HP: 40/61 MP: 0/0
  6962 | D:5      | Learned a level 4 spell: Animate Armour
  7959 | D:6      | Found Ungoant's Assorted Antiques.
  8016 | D:6      | Found a sand-covered staircase.
  8027 | Ossuary  | Entered an ossuary
  8101 | Ossuary  | Reached skill level 4 in Fighting
  8101 | Ossuary  | Reached skill level 5 in Dodging
  8279 | Ossuary  | Reached skill level 8 in Spellcasting
  8400 | D:6      | Found Foavesm's Antique Armour Boutique.
  8460 | D:6      | Reached skill level 6 in Dodging
  8462 | D:6      | Reached skill level 5 in Fighting
  8498 | D:6      | Found Oliamauj's Antique Weapon Boutique.
  8576 | D:6      | Found Howkeo's Magic Scroll Boutique.
  8649 | D:6      | Found a staircase to the Ecumenical Temple.
  8660 | D:6      | Reached skill level 7 in Dodging
  8660 | D:6      | Reached XP level 10. HP: 56/72 MP: 0/0
  8694 | Temple   | Entered the Ecumenical Temple
  8836 | D:6      | Reached skill level 6 in Fighting
  8924 | D:6      | Found a snail-covered altar of Cheibriados.
  8955 | D:6      | Found a runed translucent door.
  8961 | D:6      | Noticed vogonpoet's ghost (novice SpEn)
  8981 | D:6      | Killed vogonpoet's ghost
  9128 | D:6      | Identified +0 acid dragon scales
  9255 | D:6      | Found a basalt altar of Yredelemnul.
  9297 | D:7      | Reached skill level 8 in Dodging
  9304 | D:7      | Identified +0 steam dragon scales
  9305 | D:7      | Reached skill level 7 in Fighting
  9577 | D:7      | Found a blossoming altar of Fedhas.
  9620 | D:7      | Found a broken altar of Ashenzari.
  9748 | D:7      | Found a burning altar of Makhleb.
  9752 | D:7      | Became a worshipper of Makhleb the Destroyer
  9899 | D:7      | Found a shadowy altar of Dithmenos.
 10029 | D:8      | Reached skill level 8 in Fighting
 10128 | D:8      | Reached skill level 9 in Spellcasting
 10239 | D:8      | Noticed Grum
 10243 | D:8      | Killed Grum
 10244 | D:8      | Reached XP level 11. HP: 51/81 MP: 0/0
 10244 | D:8      | Learned a level 5 spell: Summon Forest
 10317 | D:8      | Noticed a two-headed ogre
 10322 | D:8      | Killed a two-headed ogre
 10482 | D:8      | Noticed Maurice
 10486 | D:8      | Killed Maurice
 10744 | D:9      | Reached skill level 10 in Spellcasting
 10787 | D:9      | Noticed Psyche
 10792 | D:9      | Killed Psyche
 10928 | D:9      | Found a hide-covered altar of Uskayaw.
 10959 | D:9      | Reached * piety under Makhleb
 11071 | D:9      | Found a staircase to the Orcish Mines.
 11206 | D:9      | Identified +0 swamp dragon scales
 11206 | D:9      | Noticed Maggie
 11215 | D:9      | Killed Maggie
 11388 | D:9      | Reached skill level 9 in Dodging
 11429 | D:9      | Identified +0 steam dragon scales
 11479 | D:9      | Reached skill level 9 in Fighting
 11690 | D:9      | Found an opulent altar of Gozag.
 11768 | D:10     | Entered Level 10 of the Dungeon
 11768 | D:10     | Found a portal to a secret trove of treasure.
 11843 | D:10     | Reached ** piety under Makhleb
 11854 | D:10     | Noticed a two-headed ogre
 11858 | D:10     | Killed a two-headed ogre
 12015 | D:10     | Noticed a skeletal warrior
 12135 | D:10     | Identified +0 acid dragon scales
 12485 | D:10     | HP: 6/84 [skeletal warrior (14)]
 12491 | D:10     | Killed a skeletal warrior
 12492 | D:10     | Reached skill level 10 in Dodging
 12573 | D:10     | Reached XP level 12. HP: 81/91 MP: 0/0
 12584 | D:10     | Found a hazy altar of Hepliaklqana.
 12586 | D:10     | Found a faded altar of an unknown god.
 12765 | D:1      | Bought a +4 ring of evasion for 360 gold pieces
 13274 | D:11     | Reached skill level 10 in Fighting
 13363 | D:11     | Identified the +3 war axe of Upheaval {holy, *Noise rC++
                  | Int+8}
 13392 | D:11     | Noticed a four-headed hydra
 13402 | D:11     | Killed a four-headed hydra
 13409 | D:11     | Noticed a boulder beetle
 13416 | D:11     | Noticed a centaur warrior
 13658 | D:11     | Killed a centaur warrior
 13659 | D:11     | Reached skill level 11 in Dodging
 13749 | D:11     | Noticed a five-headed hydra
 13786 | D:11     | Killed a five-headed hydra
 13882 | D:11     | Killed a boulder beetle
 13883 | D:11     | Reached skill level 11 in Fighting
 14085 | D:11     | Found a staircase to the Lair.
 14260 | D:5      | Bought a +1 pair of gloves of archery for 214 gold pieces
 14396 | Lair:1   | Entered Level 1 of the Lair of Beasts
 14565 | Lair:1   | Reached skill level 12 in Dodging
 14722 | Lair:1   | Reached *** piety under Makhleb
 14731 | Lair:1   | Reached skill level 12 in Fighting
 14738 | Lair:1   | Reached XP level 13. HP: 40/101 MP: 0/0
 14738 | Lair:1   | Learned a level 5 spell: Blade Hands
 15245 | Lair:2   | Found a transporter.
 15247 | Lair:2   | Noticed a seven-headed hydra
 15253 | Lair:2   | Killed a seven-headed hydra
 15260 | Lair:2   | Noticed Wuvuatt's ghost (journeyman MiBe)
 15372 | Lair:2   | Found a staircase to the Shoals.
 15526 | Lair:2   | Noticed Prince Ribbit
 15531 | Lair:2   | Killed Prince Ribbit
 15841 | Lair:2   | Reached skill level 11 in Spellcasting
 16008 | Lair:2   | Found a transporter.
 16015 | Lair:2   | Found a bloodstained altar of Trog.
 16364 | Lair:3   | Reached **** piety under Makhleb
 16425 | Lair:3   | Noticed Gastronok
 16438 | Lair:3   | Killed Gastronok
 16439 | Lair:3   | Reached skill level 13 in Dodging
 16492 | Lair:3   | You are sucked into a shaft and drop 3 floors!
 16492 | Lair:6   | Entered Level 6 of the Lair of Beasts
 16645 | Lair:4   | Noticed a four-headed hydra
 16653 | Lair:4   | Killed a four-headed hydra
 16857 | Lair:4   | Reached skill level 13 in Fighting
 17006 | Lair:3   | Found a hole to the Spider Nest.
 17016 | Lair:3   | Reached XP level 14. HP: 109/110 MP: 0/0
 17344 | Lair:4   | Identified a scroll of acquirement
 17785 | Lair:4   | Identified the +1 scale mail of Muttered Phrases {Will+}
 18354 | Lair:5   | Identified the +1 robe "Pymarunt" {rCorr}
 18511 | Lair:5   | Reached skill level 14 in Dodging
 18529 | Lair:5   | Reached ***** piety under Makhleb
 18923 | Lair:6   | Noticed a dire elephant
 18923 | Lair:6   | Noticed a dire elephant
 18923 | Lair:6   | Noticed a dire elephant
 18924 | Lair:6   | Noticed a dire elephant
 18925 | Lair:6   | Found the +3 sling "Punk" {acid, rCorr}
 18938 | Lair:6   | Reached skill level 1 in Unarmed Combat
 18969 | Lair:6   | Reached skill level 2 in Unarmed Combat
 18972 | Lair:6   | Reached skill level 3 in Unarmed Combat
 19065 | Lair:6   | Reached skill level 4 in Unarmed Combat
 19099 | Lair:6   | Reached skill level 5 in Unarmed Combat
 19226 | Lair:6   | Found a staircase to the Slime Pits.
 19330 | Lair:6   | Identified the amulet "Homoz" {Faith Will++ MP-9}
 19447 | Lair:6   | Reached skill level 6 in Unarmed Combat
 19945 | Lair:6   | Noticed a dire elephant
 19972 | Lair:6   | Killed a dire elephant
 20186 | Lair:5   | Reached skill level 7 in Unarmed Combat
 20951 | Lair:6   | Reached skill level 8 in Unarmed Combat
 21691 | Lair:6   | Killed a dire elephant
 21692 | Lair:6   | Reached XP level 15. HP: 47/116 MP: 0/0
 21692 | Lair:6   | Learned a level 6 spell: Statue Form
 22036 | Lair:6   | Reached skill level 9 in Unarmed Combat
 22116 | Lair:6   | Identified the +1 kite shield of Hide-and-Seek {rCorr}
 22117 | Lair:6   | Identified the +3 leather armour of the Louse {Dex+2}
 22156 | Lair:6   | Acquired 393 gold pieces
 22158 | Lair:6   | Acquired the ring "Hantull" {rN+++ Str-2 Int+6 Dex+4}
 22991 | Orc:1    | Entered Level 1 of the Orcish Mines
 23035 | Orc:1    | Noticed Nergalle
 23042 | Orc:1    | Killed Nergalle
 23981 | Orc:2    | Entered Level 2 of the Orcish Mines
 24028 | Orc:2    | Reached ****** piety under Makhleb
 24176 | Orc:2    | Found a staircase to the Elven Halls.
 24723 | Orc:2    | Found Doim Ames's Antique Weapon Boutique.
 24744 | Orc:2    | Reached skill level 10 in Unarmed Combat
 24772 | Orc:2    | Noticed Urug
 24787 | Orc:2    | Killed Urug
 24966 | Orc:2    | Noticed an orc warlord
 25474 | Orc:2    | Found Sefutz's Armour Boutique.
 25555 | Orc:2    | Killed an orc warlord
 25639 | Orc:2    | Found Gyumeixzuti's Antique Weapon Boutique.
 25644 | Orc:2    | Found Igeib's Antique Armour Shop.
 26140 | Orc:2    | Bought the +5 robe of Night {Dark Will+ SInv} for 840 gold
                  | pieces
 26140 | Orc:2    | Found the +5 robe of Night {Dark Will+ SInv}
 26199 | Orc:2    | Bought an embroidered scarf for 208 gold pieces
 26199 | Orc:2    | Bought a pair of embroidered gloves for 195 gold pieces
 26454 | D:1      | Bought a ring of ice for 250 gold pieces
 26966 | D:12     | Acquired the ring of the Original Sin {rF+ rN+ rCorr AC+4}
 27027 | D:12     | Noticed Frances
 27034 | D:12     | Killed Frances
 27182 | D:12     | Reached skill level 12 in Spellcasting
 27383 | D:12     | Reached skill level 11 in Unarmed Combat
 29032 | D:13     | Reached XP level 16. HP: 122/122 MP: 0/0
 29549 | D:14     | Reached skill level 12 in Unarmed Combat
 29717 | D:14     | Found a gate to the Vaults.
 29785 | D:14     | Found a flagged portal.
 29790 | D:14     | Found Ham Uxt's Distillery.
 29908 | Bailey   | Entered a bailey
 30772 | Bailey   | Identified a +0 crystal plate armour
 30816 | Bailey   | Reached XP level 17. HP: 128/128 MP: 0/0
 30816 | Bailey   | Learned a level 7 spell: Ozocubu's Refrigeration
 31018 | D:14     | Bought 2 potions of haste for 280 gold pieces
 31018 | D:14     | Bought a potion of heal wounds for 70 gold pieces
 31018 | D:14     | Bought a potion of haste for 140 gold pieces
 31018 | D:14     | Bought a potion of resistance for 140 gold pieces
 31446 | D:14     | Reached skill level 13 in Spellcasting
 31892 | D:14     | Found a runed translucent gate.
 31893 | D:14     | Found a runed translucent gate.
 31894 | D:14     | Found a runed translucent gate.
 31950 | D:14     | Noticed Laowois's ghost (journeyman MiBe)
 31950 | D:14     | Noticed inmateoo's ghost (journeyman DrTm)
 31978 | D:14     | Killed Laowois's ghost
 32259 | D:14     | Killed inmateoo's ghost
 32294 | D:15     | Entered Level 15 of the Dungeon
 32475 | D:15     | Found an opulent altar of Gozag.
 32916 | D:15     | Reached skill level 14 in Spellcasting
 33141 | D:15     | Found a staircase to the Depths.
 33544 | D:15     | Found a white marble altar of Elyvilon.
 33908 | Spider:1 | Entered Level 1 of the Spider Nest
 36353 | Spider:2 | Noticed Donald
 36361 | Spider:2 | Killed Donald
 36362 | Spider:2 | Reached XP level 18. HP: 110/134 MP: 0/0
 36483 | Spider:2 | Noticed Jorgrun
 36491 | Spider:2 | Killed Jorgrun
 36735 | Spider:2 | Reached skill level 15 in Spellcasting
 37123 | Spider:2 | Noticed Kirke
 37128 | Spider:2 | Killed Kirke
 38320 | Spider:3 | HP: 16/174 [wolf spider (14)]
 38941 | Spider:3 | Noticed Azrael
 38944 | Spider:3 | Killed Azrael
 39113 | Spider:4 | Entered Level 4 of the Spider Nest
 39252 | Spider:4 | Reached skill level 16 in Spellcasting
 39532 | Spider:3 | Reached skill level 14 in Fighting
 40298 | Spider:4 | HP: 13/135 [ghost moth (6)]
 40300 | Spider:4 | HP: 5/135 [ghost moth (8)]
 40479 | Spider:4 | HP: 17/176 [spark wasp (5)]
 40549 | Spider:4 | Reached XP level 19. HP: 61/141 MP: 0/0
 40549 | Spider:4 | Learned a level 7 spell: Orb of Destruction
 41775 | Spider:4 | HP: 12/183 [entropy weaver (7)]
 41775 | Spider:4 | HP: 1/183 [redback (11)]
 41775 | Spider:4 | Mangled by a moth of wrath

Vanquished Creatures
  Gastronok (Lair:3)
  Frances (D:12)
  Kirke (Spider:2)
  Donald (Spider:2)
  The ghost of inmateoo the Brawler, a journeyman DrTm of Cheibriados (D:14)
  5 emperor scorpions
  A ghost moth (Spider:4)
  The ghost of Laowois the Severer, a journeyman MiBe of Trog (D:14)
  4 dire elephants (Lair:6)
  Azrael (Spider:3)
  4 spark wasps
  An ice dragon (D:15)
  A fire dragon (D:15)
  A rakshasa (D:15)
  2 ogre magi
  5 boulder beetles
  12 hydras
  2 centaur warriors
  A death knight (D:13)
  8 two-headed ogres
  2 death yaks (Lair:6)
  A spectral dire elephant (Lair:6)
  An orc high priest (Orc:2)
  2 tengu warriors
  Urug (Orc:2)
  Nergalle (Orc:1)
  A spectral emperor scorpion (Spider:4)
  5 skeletal warriors
  A spectral anaconda (Lair:5)
  7 orc knights
  A deep elf archer (D:14)
  Pikel (D:5)
  2 lindwurms
  2 deep elf pyromancers
  3 necromancers (Lair:6)
  3 wolf spider zombies (Spider:4)
  An obsidian statue (Lair:6)
  A deep elf zephyrmancer (D:14)
  14 orb spiders
  3 orc sorcerers
  29 wolf spiders
  8 elephants
  2 cyclopes
  13 ugly things
  4 manticores
  5 moths of wrath
  Maurice (D:8)
  A dire elephant skeleton (Lair:6)
  2 gargoyles
  A torpor snail (Lair:6)
  Maggie (D:9)
  Psyche (D:9)
  9 cane toads
  2 unseen horrors (D:11)
  2 rime drakes
  2 spectral redbacks (Spider:4)
  2 tengu conjurers (D:15)
  9 komodo dragons
  2 kobold demonologists
  A freezing wraith (D:11)
  7 demonic crawlers
  A polar bear (Lair:6)
  10 trolls
  25 jumping spiders
  The ghost of vogonpoet the Jinx, a novice SpEn of Sif Muna (D:6)
  Prince Ribbit (Lair:2)
  3 spectral jumping spiders (Spider:4)
  3 spectral elephants
  7 hornets
  27 blink frogs
  A tarantella zombie (Spider:4)
  A jumping spider zombie (Spider:4)
  4 dream sheep (Lair:4)
  3 spectral tarantellas
  6 slime creatures (D:12)
  37 redbacks
  24 tarantellas
  2 shadows (D:11)
  2 wyverns
  A vampire (D:12)
  5 basilisks
  5 fire elementals (Spider:3)
  6 wraiths
  4 hogs (Spider:2)
  27 yaks
  3 vampire mosquitoes (D:11)
  Grum (D:8)
  2 death yak simulacra (Lair:6)
  3 steam dragons
  A hog (shapeshifter) (D:14)
  2 acid dragons
  2 wargs
  13 water moccasins
  Edmund (D:5)
  Duvessa (D:5)
  A spectral hornet (Spider:4)
  2 hell hounds (Spider:3)
  A swamp drake (D:9)
  A hornet zombie (D:7)
  2 elephant zombies (Lair:6)
  2 sky beasts (D:8)
  2 black bears
  41 orc warriors
  4 ice beasts
  2 necrophages
  8 ogres
  17 wolves
  9 centaurs
  A lemure (D:5)
  A phantom (D:5)
  3 kobold brigands
  9 bullfrogs
  2 gnoll sergeants
  A scorpion (D:4)
  2 cane toad simulacra (Lair:6)
  Dowan (D:5)
  3 wyvern zombies
  A water moccasin zombie (D:5)
  A water moccasin skeleton (D:7)
  8 wights
  An electric eel (Lair:5)
  A bullfrog zombie (D:6)
  7 centaur zombies
  4 jellies
  5 hounds
  17 orc priests
  5 centaur skeletons
  2 gnoll shamans
  4 iguanas
  Ijyb (D:3)
  6 hell rats (Lair:6)
  25 orc wizards
  10 gnolls
  9 adders
  A howler monkey skeleton (D:7)
  8 river rats (Lair:6)
  3 white imps
  An ufetubus (D:6)
  An adder zombie (Ossuary)
  2 worms (D:2)
  3 dart slugs
  110 orcs
  7 bats
  8 endoplasms
  2 giant cockroaches
  6 goblins
  16 hobgoblins
  12 jackals
  24 kobolds
  4 quokkas
  10 ball pythons
  A ball python skeleton (Ossuary)
  4 frilled lizards
  An orc skeleton (Ossuary)
  5 orc zombies (Ossuary)
  6 rats
903 creatures vanquished.

Vanquished Creatures (collateral kills)
  Jorgrun (Spider:2)
  An orc warlord (Orc:2)
  A hydra (Lair:2)
  An orb spider (Spider:2)
  2 elephants (Lair:5)
  3 jumping spiders (Spider:3)
  A hornet (Spider:3)
  A blink frog (Lair:4)
  2 tarantellas (Spider:3)
  4 redbacks (Spider:3)
  6 yaks
  A bullfrog (Lair:1)
  A howler monkey (D:5)
  An orc priest (Orc:2)
  A gnoll (D:5)
  3 orcs (Orc:2)
30 creatures vanquished.

Vanquished Creatures (others)
  2 bushes (D:7)
  62 fungi
  75 plants
  3 snaplasher vines
  2 toadstools (D:3)
  27 withered plants (Lair:6)
171 creatures vanquished.

Grand Total: 1104 creatures vanquished
